 Dungeon Crawl Stone Soup version 0.21-a0-529-g8c7b3f5 (webtiles) character file.

5708 Spazmo the Thaumaturge (level 10, -9/50 HPs)
             Began as a Deep Elf Fire Elementalist on Dec 11, 2017.
             Was a Believer of Vehumet.
             Killed from afar by Raine357's ghost (21 damage)
             ... with a stone arrow
             ... on level 9 of the Dungeon.
             The game lasted 00:20:45 (8242 turns).

Spazmo the Thaumaturge (Deep Elf Fire Elementalist) Turns: 8242, Time: 00:20:46

Health: -9/50      AC:  5    Str:  5    XL:     10   Next: 48%
Magic:  17/27      EV: 13    Int: 24    God:    Vehumet [**....]
Gold:   558        SH:  0    Dex: 15    Spells: 17/32 levels left

rFire    . . .     SeeInvis +   v - staff of conjuration
rCold    + . .     Gourm    .   (no shield)
rNeg     + . .     Faith    .   H - +1 robe {rC+}
rPois    .         Spirit   .   a - +1 hat {MR+}
rElec    .         Reflect  .   (no cloak)
rCorr    .         Harm     .   C - +0 pair of gloves
MR       ++...                  (no boots)
Stlth    ++........             (no amulet)
HPRegen  0.16/turn              q - ring of see invisible
MPRegen  0.20/turn              e - ring of positive energy

@: no status effects
A: no striking features
a: Renounce Religion


You were on level 9 of the Dungeon.
You worshipped Vehumet.
Vehumet was pleased with you.
You were not hungry.

You visited 2 branches of the dungeon, and saw 10 of its levels.

You collected 558 gold pieces.

Inventory:

Hand Weapons
 r - a +1 blowgun
 u - the +7 dagger of Capital Punishment {pierce, rElec Int+2 Dex+2}
   (You found it on level 4 of the Dungeon)

   It inflicts extra damage upon your enemies.
   It affects your intelligence (+2).
   It affects your dexterity (+2).
   It insulates you from electricity.
Missiles
 d - 201 stones (quivered)
 s - 72 poisoned needles
Armour
 a - a +1 hat of magic resistance (worn)
 C - a +0 pair of gloves (worn)
 H - a +1 robe of cold resistance (worn)
Magical Staves
 v - an uncursed staff of conjuration (weapon)
Jewellery
 e - a ring of positive energy (right hand)
 q - a ring of see invisible (left hand)
 w - an uncursed ring of wizardry
 I - an uncursed ring of stealth
Wands
 o - a wand of paralysis (10)
 G - a wand of digging (21)
Scrolls
 i - 5 scrolls of teleportation
 k - 4 scrolls of remove curse
 y - a scroll of fear
 z - 2 scrolls of magic mapping
 B - 6 scrolls of identify
 J - a scroll of enchant armour
Potions
 f - a potion of agility
 g - 4 potions of curing
 j - 2 potions of cancellation
 l - 4 potions of heal wounds
 m - a potion of brilliance
 n - a potion of invisibility {unknown}
 t - 2 potions of might
 x - a potion of haste {unknown}
Books
 b - a book of Flames

   Spells                             Type                      Level
   a - Flame Tongue                   Conjuration/Fire             1
   b - Throw Flame                    Conjuration/Fire             2
   c - Conjure Flame                  Conjuration/Fire             3
   d - Inner Flame                    Hexes/Fire                   3
   e - Sticky Flame                   Conjuration/Fire             4
   f - Fireball                       Conjuration/Fire             5
 F - a book of Changes

   Spells                             Type                      Level
   a - Beastly Appendage              Transmutation                1
   b - Sticks to Snakes               Transmutation                2
   c - Spider Form                    Transmutation/Poison         3
   d - Ice Form                       Ice/Transmutation            4
   e - Blade Hands                    Transmutation                5
Comestibles
 c - 10 bread rations
 h - 2 fruits
 p - 3 chunks of flesh
 A - 5 royal jellies


   Skills:
 - Level 3.0 Dodging
 - Level 3.0 Stealth
 + Level 11.9 Spellcasting
 + Level 9.9 Conjurations
 + Level 10.4 Fire Magic


You had 17 spell levels left.
You knew the following spells:

 Your Spells              Type           Power        Failure   Level  Hunger
a - Flame Tongue          Conj/Fire      #####        1%          1    None
b - Throw Flame           Conj/Fire      ######       1%          2    None
c - Conjure Flame         Conj/Fire      #######.     1%          3    None
d - Sticky Flame          Conj/Fire      #######.     1%          4    None
e - Fireball              Conj/Fire      #######...   1%          5    ###....


Dungeon Overview and Level Annotations

Branches:
Dungeon (9/15)             Temple (1/1) D:7
   Lair: D:8-11         Orc: D:9-12

Altars:
Cheibriados
Elyvilon
Gozag
Hepliaklqana
Kikubaaqudgha
Qazlal
Ru
Sif Muna
Trog
Vehumet
Xom

Annotations:
D:9 Raine357's ghost, novice OpEE


Message History

Press: ? - help, Shift-Dir - straight line, f/p - Raine357's ghost
Aim: Raine357's ghost (flame, severely damaged)
You feel a surge of power!
The flame tongue misses Raine357's ghost.
Raine357's ghost is engulfed in blazing flames.
Raine357's ghost stares at you and mumbles some strange words.
The blast of sand hits you!
* * * LOW HITPOINT WARNING * * *
Casting: Flame Tongue
Confirm with . or Enter, or press ? or * to list all spells.
Aiming: Flame Tongue
Press: ? - help, Shift-Dir - straight line, f/p - Raine357's ghost
Aim: Raine357's ghost (flame, severely damaged)
You feel a surge of power!
The flame tongue hits Raine357's ghost.
Raine357's ghost resists.
Raine357's ghost is almost destroyed.
Raine357's ghost is engulfed in blazing flames.
Raine357's ghost stares at you and mumbles some strange words.
The stone arrow hits you!
You die...

############################
#...........................
#....#..##..#...............
#....#>.....#.....##...###..
#....#.....@W...............
#....#.....######'###......#
#..........#........#......#
#......#####........#......#
#......#............#......#
#......#.....†......#..###.#
#....#.#..##..###.###......#
#....#.#..##..###.#.....####
#......#..##...#..#.....#


You could see Raine357's ghost.

Vanquished Creatures
  A death yak (D:8)
  2 polar bears (D:8)
  Prince Ribbit (D:8)
  2 hippogriffs
  A spriggan (D:7)
  5 humans (D:6)
  3 yaks
  A water moccasin (D:8)
  5 ice beasts (D:8)
  An orc warrior (D:8)
  3 sky beasts
  2 black bears
  2 ogres
  2 wolves (D:8)
  A phantom (D:5)
  3 bullfrogs
  2 electric eels (D:8)
  2 howler monkeys
  2 crimson imps
  A centaur skeleton (D:8)
  2 orc priests
  4 hounds
  A bullfrog zombie (D:9)
  Jessica (D:3)
  Ijyb (D:3)
  2 iguanas
  Natasha (D:3)
  4 orc wizards
  8 worker ants
  3 bullfrog simulacra (D:8)
  Robin (D:3)
  3 gnolls (D:5)
  9 adders
  A howler monkey skeleton (D:8)
  A hound simulacrum (D:8)
  2 ufetubi (D:8)
  An ooze (D:3)
  2 adder zombies
  An adder skeleton (D:6)
  2 worms (D:3)
  3 dart slugs
  An adder simulacrum (D:8)
  7 leopard geckos
  14 orcs
  4 giant cockroaches
  11 goblins
  5 hobgoblins
  13 jackals
  10 bats
  5 frilled lizards
  8 kobolds
  A leopard gecko simulacrum (D:8)
  2 quokka skeletons
  3 rats
179 creatures vanquished.

Notes
Turn   | Place    | Note
-------+----------+-------------------------------------------
     0 | D:1      | Spazmo the Deep Elf Fire Elementalist began the quest for the Orb.
     0 | D:1      | Reached XP level 1. HP: 10/10 MP: 6/6
   211 | D:1      | Reached XP level 2. HP: 15/15 MP: 6/8
   301 | D:1      | Learned a level 2 spell: Throw Flame
   599 | D:1      | Reached XP level 3. HP: 19/19 MP: 3/9
   712 | D:1      | Learned a level 3 spell: Conjure Flame
  1281 | D:2      | Found an ancient bone altar of Kikubaaqudgha.
  1302 | D:2      | Found a shimmering altar of Xom.
  1303 | D:2      | Found a hazy altar of Hepliaklqana.
  1582 | D:2      | Reached XP level 4. HP: 24/24 MP: 8/11
  1588 | D:2      | Learned a level 4 spell: Sticky Flame
  1614 | D:2      | Reached skill level 4 in Spellcasting
  1771 | D:2      | Found a deep blue altar of Sif Muna.
  2128 | D:3      | Noticed Ijyb
  2134 | D:3      | Noticed Jessica
  2136 | D:3      | Paralysed by Ijyb for 5 turns
  2137 | D:3      | Killed Ijyb
  2159 | D:3      | Killed Jessica
  2159 | D:3      | Reached XP level 5. HP: 20/28 MP: 0/13
  2485 | D:3      | Noticed Robin
  2493 | D:3      | Killed Robin
  2678 | D:3      | Noticed Natasha
  2682 | D:3      | Killed Natasha
  2682 | D:3      | Reached skill level 5 in Spellcasting
  3039 | D:4      | Reached XP level 6. HP: 28/32 MP: 10/15
  3070 | D:4      | Found a sacrificial altar of Ru.
  3146 | D:4      | Found a sacrificial altar of Ru.
  3157 | D:4      | Got a jewelled dagger
  3158 | D:4      | Identified the +7 dagger of Capital Punishment {pierce, rElec Int+2 Dex+2} (You found it on level 4 of the Dungeon)
  3379 | D:4      | Reached skill level 5 in Fire Magic
  3818 | D:5      | Entered Level 5 of the Dungeon
  3992 | D:5      | Reached skill level 6 in Spellcasting
  4067 | D:5      | Reached XP level 7. HP: 20/36 MP: 12/18
  4082 | D:5      | Learned a level 5 spell: Fireball
  4440 | D:6      | Reached skill level 5 in Conjurations
  4710 | D:6      | Reached skill level 7 in Spellcasting
  4760 | D:6      | Noticed a human
  4764 | D:6      | Reached XP level 8. HP: 41/41 MP: 9/21
  4840 | D:6      | Reached skill level 8 in Spellcasting
  5380 | D:7      | Reached skill level 9 in Spellcasting
  5525 | D:7      | Reached XP level 9. HP: 45/45 MP: 11/24
  5777 | D:7      | Found a staircase to the Ecumenical Temple.
  5792 | Temple   | Entered the Ecumenical Temple
  5819 | Temple   | Became a worshipper of Vehumet
  5904 | D:7      | Found a white marble altar of Elyvilon.
  6679 | D:8      | Noticed Prince Ribbit
  6685 | D:8      | Killed Prince Ribbit
  6685 | D:8      | Reached skill level 10 in Spellcasting
  6916 | D:8      | Reached * piety under Vehumet
  6916 | D:8      | Offered knowledge of Sting by Vehumet.
  7117 | D:8      | Noticed a polar bear
  7121 | D:8      | Noticed a death yak
  7152 | D:8      | Killed a death yak
  7152 | D:8      | Reached skill level 11 in Spellcasting
  7152 | D:8      | Reached XP level 10. HP: 30/50 MP: 0/27
  7324 | D:8      | Reached skill level 10 in Fire Magic
  8052 | D:8      | Identified a scroll of acquirement
  8103 | D:9      | Found a snail-covered altar of Cheibriados.
  8154 | D:9      | Reached ** piety under Vehumet
  8154 | D:9      | Offered knowledge of Searing Ray by Vehumet.
  8231 | D:9      | Noticed Raine357's ghost (novice OpEE)
  8234 | D:9      | HP: 1/50 [Raine357's ghost/stone arrow (20)]
  8242 | D:9      | Killed from afar by Raine357's ghost

Vault maps used:
D:1:      minmay_arrival_doors, minmay_misc_feat_roman
D:2:      grunt_temple_overflow_open, led_sif_pool, first_bread
D:3:      uniq_ijyb, uniq_robin, uniq_natasha, uniq_jessica
D:4:      lemuel_doored_altar, nicolae_ru_awakened_eye
D:6:      minmay_ruffians
D:7:      elyvilon_altar_1, minmay_temple_entry_statues_fountains, the_bakery
D:8:      cheibrodos_elevator_heist, serial_ice, serial_ice_c, serial_ice_n,
          serial_ice_a, serial_ice_b, serial_ice_h, serial_ice_d, serial_ice_l,
          serial_ice_o, serial_ice_m, serial_ice_f, uniq_prince_ribbit1
D:9:      nicolae_overflow_crystal_walls
Temple:   eino_wide_crystal_templ

Skill      XL: |  1  2  3  4  5  6  7  8  9 10 |
---------------+-------------------------------+-----
Stealth        | 3 |  3.0
Dodging        | 3 |  3.0
Conjurations   | 2 3 4 5 7 9 |  9.9
Spellcasting   | 4 5 6 7 9 11 | 11.9
Fire Magic     | 4 5 6 8 9 10 | 10.4

Action                   |  1- 3 |  4- 6 |  7- 9 | 10-12 || total
-------------------------+-------+-------+-------+-------++-------
Melee: Unarmed           |     7 |       |       |       ||     7
       Short sword       |     4 |       |       |       ||     4
       Whip              |     8 |     7 |       |       ||    15
       Dagger            |       |       |     7 |    10 ||    17
       Staff             |       |       |       |     1 ||     1
 Fire: Blowgun           |       |       |     2 |     1 ||     3
Throw: Stone             |     2 |       |       |       ||     2
 Cast: Flame Tongue      |    77 |   104 |   136 |    68 ||   385
       Throw Flame       |     6 |    10 |    32 |    11 ||    59
       Sticky Flame      |       |     1 |    15 |     6 ||    22
       Fireball          |       |       |     4 |       ||     4
       Conjure Flame     |       |       |     1 |     2 ||     3
  Use: Scroll            |     3 |     9 |     6 |     3 ||    21
       Potion            |     1 |     1 |     1 |     1 ||     4
  Eat: Chunk             |     2 |     8 |    11 |     3 ||    24
Armor: Robe              |    13 |     7 |     9 |     9 ||    38
Dodge: Dodged            |    65 |    18 |    26 |    26 ||   135

Table legend:
 A = Spawn XP
 B = Non-spawn XP
 C = Spawn XP percentage of total XP
 D = Spawn monster count
 E = Non-spawn monster count
 F = Spawn count percentage of total count
 G = Total turns spent on level
                    A         B        C        D         E        F      G
               +---------+---------+-------+---------+---------+-------+---------
         Total |       0 |    8155 |   0.0 |       0 |     179 |   0.0 |  8242
               +---------+---------+-------+---------+---------+-------+---------
           D:1 |       0 |      42 |   0.0 |       0 |      22 |   0.0 |   988
           D:2 |       0 |      71 |   0.0 |       0 |      20 |   0.0 |   923
           D:3 |       0 |     211 |   0.0 |       0 |      33 |   0.0 |   956
           D:4 |       0 |     151 |   0.0 |       0 |       6 |   0.0 |   951
           D:5 |       0 |     443 |   0.0 |       0 |      15 |   0.0 |   599
           D:6 |       0 |    1501 |   0.0 |       0 |      16 |   0.0 |   886
           D:7 |       0 |    1092 |   0.0 |       0 |      19 |   0.0 |  1359
           D:8 |       0 |    4274 |   0.0 |       0 |      42 |   0.0 |  1399
           D:9 |       0 |     370 |   0.0 |       0 |       6 |   0.0 |   150
               +---------+---------+-------+---------+---------+-------+---------
